 Dungeon Crawl Stone Soup version 0.30-a0-782-ge64f9170bb (webtiles) character file.

Game seed: 7399128911580016470

910 cheesebisquit the Frost Mage (level 8, -6/52 HPs)
             Began as a Merfolk Ice Elementalist on Feb 18, 2023.
             Mangled by a lemure (8 damage)
             ... led by Pikel
             ... on level 5 of the Dungeon.
             The game lasted 00:15:02 (5742 turns).

cheesebisquit the Frost Mage (MfIE)                 Turns: 5742, Time: 00:15:03

Health: -6/52      AC:  4    Str:  9    XL:     8   Next: 8%
Magic:  11/17      EV: 12    Int: 16    God:
Gold:   243        SH:  0    Dex: 14    Spells: 18/19 levels left

rFire   . . .      SeeInvis .    e - +0 dagger
rCold   . . .      Faith    .    (no shield)
rNeg    . . .      Spirit   .    a - +0 robe
rPois   +          Reflect  .    t - +0 helmet
rElec   .          Harm     .    s - +0 cloak
rCorr   .          Rampage  .    (no gloves)
Will    .....                    (no boots)
Stlth   ++                       (no amulet)
HPRegen 0.28/turn                y - ring of poison resistance
MPRegen 0.15/turn                (no ring)

@: no status effects
A: (nimble swimmer 2), mertail
a: no special abilities


You were on level 5 of the Dungeon.
You visited 2 branches of the dungeon, and saw 6 of its levels.
You also visited: Sewer.

You collected 243 gold pieces.

Inventory:

Hand Weapons
 e - a +0 dagger (weapon)
Missiles
 c - 64 stones
 d - 20 poisoned darts
Armour
 a - a +0 robe (worn)
 s - a +0 cloak (worn)
 t - a +0 helmet (worn)
Jewellery
 y - a ring of poison resistance (left hand)
Scrolls
 g - 3 scrolls of magic mapping {unknown}
 j - a scroll of immolation {unknown}
 l - 2 scrolls of fog {unknown}
 m - a scroll of blinking {unknown}
 q - 2 scrolls of fear {unknown}
 r - 3 scrolls of amnesia {unknown}
 v - a scroll of silence {unknown}
 x - a scroll of summoning {unknown}
Potions
 b - 3 potions of magic
 f - a potion of ambrosia
 h - 6 potions of haste
 i - a potion of might
 k - a potion of curing
 n - a potion of berserk rage {unknown}
 o - a potion of flight
 p - 2 potions of resistance {unknown}
 u - 3 potions of invisibility
 w - a potion of degeneration {unknown}
 A - a potion of mutation {unknown}


   Skills:
 - Level 2.6 Dodging
 - Level 2.1 Stealth
 + Level 6.1 Spellcasting
 + Level 8.2 Ice Magic


You had 18 spell levels left.
You knew the following spells:

 Your Spells              Type           Power      Damage    Failure   Level
a - Freeze                Ice            100%       1d10      1%          1

Your spell library contained the following spells:

 Spells                   Type           Power      Damage    Failure   Level
 Frozen Ramparts          Ice            62%        1d10      1%          3
 Ozocubu's Armour         Ice            31%        N/A       1%          3
 Beastly Appendage        Tmut           8%         N/A       14%         1
 Slow                     Hex            16%        N/A       14%         1
 Blink                    Tloc           8%         N/A       21%         2
 Lesser Beckoning         Tloc           8%         N/A       21%         2
 Momentum Strike          Conj/Tloc      8%         3d8       21%         2
 Wereblood                Tmut           4%         N/A       21%         2
 Summon Ice Beast         Ice/Summ       18%        N/A       26%         4
 Confusing Touch          Hex            4%         N/A       38%         3
 Spider Form              Tmut/Pois      4%         N/A       38%         3
 Vampiric Draining        Necr           4%         2d6       38%         3
 Vhi's Electric Charge    Tloc/Air       8%         N/A       38%         3
 Leda's Liquefaction      Hex/Erth       2%         N/A       80%         4
 Arcjolt                  Conj/Air       2%         1d12      98%         5
 Lee's Rapid Deconstruct  Erth           2%         3d4*      98%         5
 Statue Form              Tmut/Erth      2%         N/A       100%        6
 Maxwell's Capacitive Co  Air            2%         ∞         100%        8


Dungeon Overview and Level Annotations

Branches:
Dungeon (5/15)             Temple (1/1) D:4           Sewer (visited)

Altars:
Ashenzari
Cheibriados
Dithmenos
Elyvilon
Fedhas
Gozag
Hepliaklqana
Kikubaaqudgha
Makhleb
Nemelex Xobeh
Okawaru
Qazlal
Ru
Sif Muna
Trog
Uskayaw
Vehumet
Wu Jian
Xom
Yredelemnul
Zin
The Shining One

Shops:
D:2 :

Annotations:
D:5 Pikel


Innate Abilities, Weirdness & Mutations

((You are very nimble when in or above water. (Stealth+, EV+, Speed+++)))
Your lower body shifts to a powerful aquatic tail in water.


Message History

Aim: Pikel, wielding a +0 whip of flaming and wearing a +2 robe (lightly wounded, strong)
You freeze Pikel.
Pikel is moderately wounded.
The lemure barely misses you.
Pikel hits you with a +0 whip of flaming.
Pikel burns you.
Aiming: Freeze (safe; 1% risk of failure)
Press: ? - help, Q - select action, (/) - cycle Shift-Dir - straight line, f/p - Pikel
Aim: Pikel, wielding a +0 whip of flaming and wearing a +2 robe (moderately wounded, strong)
You freeze Pikel.
Pikel is heavily wounded.
The lemure barely misses you.
Pikel hits you with a +0 whip of flaming.
Pikel burns you.
Aiming: Freeze (safe; 1% risk of failure)
Press: ? - help, Q - select action, (/) - cycle Shift-Dir - straight line, f/p - Pikel
Aim: Pikel, wielding a +0 whip of flaming and wearing a +2 robe (heavily wounded, strong)
You freeze Pikel.
Pikel is heavily wounded.
The lemure hits you. Pikel closely misses you.
Aiming: Freeze (safe; 1% risk of failure)
Press: ? - help, Q - select action, (/) - cycle Shift-Dir - straight line, f/p - Pikel
Aim: Pikel, wielding a +0 whip of flaming and wearing a +2 robe (heavily wounded, strong)
You freeze Pikel.
Pikel is heavily wounded.
The lemure hits you.
Pikel hits you with a +0 whip of flaming!!
* * * LOW HITPOINT WARNING * * *
Pikel burns you.
* * * LOW HITPOINT WARNING * * *
Okay, then.
Okay, then.
Okay, then.
Aiming: Freeze (safe; 1% risk of failure)
Press: ? - help, Q - select action, (/) - cycle Shift-Dir - straight line, f/p - Pikel
Aim: Pikel, wielding a +0 whip of flaming and wearing a +2 robe (heavily wounded, strong)
You freeze Pikel.
Pikel is severely wounded.
The lemure hits you!
You die...

#.# #[# #.#
#.#### # #.#
##....# ##.
#.# ##..##.#
.... #.#
##.#.....
#...##.#####
#.#.....#
#.........#
##...####
#####5###.#
##.## #@#
#.# #K# #.#
#5# #.# #5#
#.# #5# #.#
#.# #.# #.#
#.# #.# #.#


You could see Pikel (strong) and 4 lemures.

Vanquished Creatures
  Menkaure (D:5)
  A water moccasin (D:5)
  A black bear (D:5)
  An ogre (D:4)
  A necrophage (D:5)
  A scorpion (D:5)
  A howler monkey (D:5)
  2 hounds (D:5)
  An iguana (D:5)
  7 river rats (Sewer)
  9 adders
  A worm (D:2)
  5 orcs (D:3)
  4 bats
  5 endoplasms
  A giant cockroach (D:1)
  8 goblins
  9 hobgoblins
  7 jackals
  A quokka (D:3)
  13 ball pythons
  8 frilled lizards
  22 kobolds
  21 rats
131 creatures vanquished.

Notes
Turn   | Place    | Note
-------+----------+-------------------------------------------
     0 | D:1      | cheesebisquit the Merfolk Ice Elementalist began the quest
                  | for the Orb.
     0 | D:1      | Reached XP level 1. HP: 13/13 MP: 3/3
   202 | D:1      | Reached XP level 2. HP: 19/19 MP: 1/5
  1266 | D:2      | Reached skill level 5 in Ice Magic
  1266 | D:2      | Reached XP level 3. HP: 17/24 MP: 0/7
  1426 | D:2      | Found Zong's Book Shop.
  2004 | D:2      | Reached XP level 4. HP: 26/30 MP: 4/8
  2782 | D:3      | Reached XP level 5. HP: 26/35 MP: 5/10
  3227 | D:4      | Noticed an ogre
  3278 | D:4      | Found a glowing drain.
  3288 | Sewer    | Entered a sewer
  3455 | Sewer    | Reached skill level 6 in Ice Magic
  3774 | Sewer    | Reached XP level 6. HP: 36/41 MP: 9/12
  4249 | D:4      | Found a staircase to the Ecumenical Temple.
  4267 | Temple   | Entered the Ecumenical Temple
  4963 | D:4      | Found a radiant altar of Vehumet.
  5145 | D:5      | Entered Level 5 of the Dungeon
  5145 | D:5      | Noticed a black bear
  5150 | D:5      | Killed a black bear
  5165 | D:5      | Reached skill level 5 in Spellcasting
  5165 | D:5      | Reached skill level 7 in Ice Magic
  5165 | D:5      | Reached XP level 7. HP: 43/46 MP: 4/14
  5555 | D:5      | Noticed Menkaure
  5574 | D:5      | Killed Menkaure
  5575 | D:5      | Reached skill level 8 in Ice Magic
  5575 | D:5      | Reached XP level 8. HP: 25/52 MP: 7/17
  5731 | D:5      | Noticed Pikel
  5741 | D:5      | HP: 2/52 [Pikel/+0 whip of flaming (3)]
  5742 | D:5      | Mangled by a lemure

Illustrated notes

Levels and vault maps discovered:
D:1:      amcnicky_arrival_choice, layout_basic
D:2:      layout_loops_ring, serial_shops, nicolae_shop_crystal
D:3:      layout_loops_ring
D:4:      layout_loops_cross, nicolae_vehumet_altar_sigil,
          minmay_temple_entry_tees, portal_sewer_entry_a,
          hangedman_decor_points, minmay_goblin_outpost
D:5:      layout_loops_ring, minmay_misc_feat_enclosed, uniq_menkaure,
          uniq_pikel
Temple:   nicolae_temple_bog_church

Skill      XL: |  1  2  3  4  5  6  7 |
---------------+----------------------+-----
Ice Magic      | 5 6 7 8 |  8.2
Spellcasting   | 3 4 5 6 |  6.1
Dodging        | |  2.6
Stealth        | |  2.1

Action                     |  1- 3 |  4- 6 |  7- 9 || total
---------------------------+-------+-------+-------++-------
  Melee: Dagger            |    13 |    13 |     2 ||    28
         Punch             |     1 |       |       ||     1
         Tailslap          |       |     3 |       ||     3
   Cast: Freeze            |    55 |   136 |    49 ||   240
    Use: Scroll            |       |     6 |       ||     6
         Potion            |       |       |     3 ||     3
 Armour: Robe              |     6 |    40 |     3 ||    49
  Dodge: Dodged            |    34 |    79 |    37 ||   150

Table legend: (Time is in decaauts)
 A = Elapsed time spent in this place.
 B = Non-inter-level travel time spent in this place.
 C = Inter-level travel time spent in this place.
 D = Time resting spent in this place.
 E = Time spent auto-exploring this place.
 F = Levels seen in this place.
 G = Mean time per level.
                   A        B        C        D        E       F      G
               +--------+--------+--------+--------+--------+-----+--------+
         Total |   5647 |   5375 |    272 |      0 |   4617 |   7 |  806.7 |
       Dungeon |   4640 |   4391 |    249 |      0 |   3823 |   5 |  928.0 |
        Temple |    137 |    114 |     23 |      0 |     96 |   1 |  137.0 |
         Sewer |    870 |    870 |      0 |      0 |    698 |   1 |  870.0 |
               +--------+--------+--------+--------+--------+-----+--------+

Top non-repeatable levels by time:
     D:1: 1259 daAuts
     D:3: 1047 daAuts
     D:2: 965 daAuts
   Sewer: 870 daAuts
     D:4: 770 daAuts
     D:5: 596 daAuts
  Temple: 137 daAuts
